 Dungeon Crawl Stone Soup version 0.31-a0-271-gb88eb75e06 (webtiles) character file.

Game seed: 9558316109467666154

36 LeprechaunX the Changeling (level 3, -4/25 HPs)
             Began as an Octopode Shapeshifter on July 14, 2023.
             Slain by a phantom (7 damage)
             ... on level 2 of the Dungeon.
             The game lasted 00:01:57 (1351 turns).

LeprechaunX the Changeling (Octopode Shapeshifter)  Turns: 1351, Time: 00:01:57

Health: -4/25      AC:  1    Str: 16    XL:     3   Next: 37%
Magic:  3/3        EV: 13    Int: 10    God:
Gold:   51         SH:  0    Dex: 12    Spells: 2/2 levels left

rFire   . . .        e - +0 glaive
rCold   . . .        (shield currently unavailable)
rNeg    . . .        (helmet currently unavailable)
rPois   .            (no amulet)
rElec   .            (no ring)
rCorr   .            (no ring)
SInv    .            (no ring)
Will    .....        (no ring)
Stlth   ++           (no ring)
HPRegen 0.24/turn    (no ring)
MPRegen 0.08/turn    (no ring)
                     (no ring)

%: no passive effects
@: beast-form
A: beast (slay +2), almost no armour, amphibious, 8 rings, camouflage 1,
gelatinous body 1, (nimble swimmer 1), tentacles
a: Begin Untransformation


You were on level 2 of the Dungeon.
You were a hulking beast.
You visited 1 branch of the dungeon, and saw 2 of its levels.

You collected 51 gold pieces.

Inventory:

Hand Weapons
 e - a +0 glaive (weapon)
Missiles
 g - 4 boomerangs (quivered)
Talismans
 b - a beast talisman
Scrolls
 f - a scroll of poison {unknown}
 h - a scroll of identify {unknown}
Potions
 a - a potion of lignification
 c - a potion of might {unknown}
 d - 2 potions of enlightenment {unknown}


   Skills:
 + Level 2.3 Fighting
 + Level 2.4 Dodging
 + Level 2.3 Unarmed Combat
 * Level 3.3 Shapeshifting


You had 2 spell levels left.
You didn't know any spells.
Your spell library was empty.

Dungeon Overview and Level Annotations

Branches:
Dungeon (2/15)

Altars:

Shops:
D:1 *[   D:2 :


Innate Abilities, Weirdness & Mutations

You are a hulking beast.
Your limbs bulge with bestial killing power. (Slay +2)
You cannot wear most types of armour.
You are amphibious.
You can wear up to eight rings at the same time.
Your skin changes colour to match your surroundings (Stealth+).
Your rubbery body absorbs attacks. (AC +1, EV +1)
((You are camouflaged when in or above water. (Stealth+)))
You have tentacles for arms and can constrict up to eight enemies at once.


Message History

A phantom is nearby!
Throw: 4 boomerangs
Press: ? - help, Q - select action Shift-Dir - straight line, f - phantom
Aim: a phantom (wandering, hasn't noticed you, 46% to hit)
You throw a boomerang.
The boomerang hits the phantom but does no damage.
Throw: 4 boomerangs
Press: ? - help, Q - select action Shift-Dir - straight line, f/p - phantom
Aim: a phantom (48% to hit)
You throw a boomerang.
The boomerang barely misses the phantom.
Throw: 4 boomerangs
Press: ? - help, Q - select action Shift-Dir - straight line, f/p - phantom
Aim: a phantom (46% to hit)
Okay, then.
You reach to attack!
You slice the phantom!!
The phantom is severely damaged.
The phantom hits you.
The phantom blinks!
You blink.
You miss the phantom.
The phantom is severely damaged.
The phantom hits you.
The phantom blinks!
You blink.
A frilled lizard comes into view.
The phantom hits you.
The phantom blinks!
You blink.
The frilled lizard moves out of view.
Unknown command.
You barely miss the phantom. Your squeeze misses the phantom.
The phantom is severely damaged.
The phantom barely misses you. The phantom hits you!
* * * LOW HITPOINT WARNING * * *
The phantom blinks!
You blink.
You miss the phantom.
The phantom is severely damaged.
The frilled lizard hisses angrily.
The phantom completely misses you.
You completely miss the phantom.
Your tentacle-slap misses the phantom.
The phantom is severely damaged.
The phantom hits you.
* * * LOW HITPOINT WARNING * * *
The phantom hits you!
You die...

#..[.###...###..............####
#.##.......# ##.##..#.W.<.......
#.####..#..# #.##..############
##.......#..# #.#.##.#
#######..#..##§# #.#.# #
#..#.§..# #..#
#######..##.##l###.#.#
.......(.##.###W#.##.#
#####.#####.....h# # #.#
######## #####.#######
............# ......#####.#
.####.### ..# #...# .#.##.#.#
..#.#◑#.#


You could see a phantom and a frilled lizard.

Vanquished Creatures
  2 dart slugs (D:1)
  2 bats
  An endoplasm (D:1)
  3 goblins (D:1)
  3 hobgoblins
  4 jackals (D:1)
  5 kobolds (D:1)
  3 quokkas
  A frilled lizard (D:2)
  2 rats (D:1)
26 creatures vanquished.

Notes
Turn   | Place    | Note
-------+----------+-------------------------------------------
     0 | D:1      | LeprechaunX the Octopode Shapeshifter began the quest for
                  | the Orb.
     0 | D:1      | Reached XP level 1. HP: 14/14 MP: 1/1
    49 | D:1      | Found Nusiotoj's Armour Boutique.
   264 | D:1      | Reached XP level 2. HP: 12/19 MP: 2/2
   707 | D:1      | Reached XP level 3. HP: 24/24 MP: 3/3
   763 | D:1      | Found Obyiplup's Assorted Antiques.
  1118 | D:2      | Noticed a phantom
  1257 | D:2      | Found Hamu's Book Boutique.
  1351 | D:2      | Slain by a phantom

Illustrated notes

Levels and vault maps discovered:
D:1:      lemuel_arrival_river_ford, layout_loops_corners, serial_shops, shop,
          shop
D:2:      layout_loops_ring, serial_shops, nicolae_shop_just_a_little_nook

Action                     || total
---------------------------++-------
  Melee: Unarmed           ||    49
         Constrict         ||    13
         Tentacles         ||     8
         Punch             ||     2
         Glaive            ||    11
  Throw: Boomerang         ||     2
   Stab: Sleeping          ||     3
 Armour: Skin              ||     3
  Dodge: Dodged            ||    23

Table legend: (Time is in decaauts)
 A = Elapsed time spent in this place.
 B = Non-inter-level travel time spent in this place.
 C = Inter-level travel time spent in this place.
 D = Time resting spent in this place.
 E = Time spent auto-exploring this place.
 F = Levels seen in this place.
 G = Mean time per level.
                   A        B        C        D        E       F      G
               +--------+--------+--------+--------+--------+-----+--------+
         Total |   1356 |   1269 |     87 |      0 |   1068 |   2 |  678.0 |
       Dungeon |   1356 |   1269 |     87 |      0 |   1068 |   2 |  678.0 |
               +--------+--------+--------+--------+--------+-----+--------+

Top non-repeatable levels by time:
     D:1: 1132 daAuts
     D:2: 223 daAuts
